 Dungeon Crawl Stone Soup version 0.21.1-1-g345015f (webtiles) character file.

301 HammerPanzer the Slasher (level 6, -3/49 HPs)
             Began as a Demonspawn Berserker on Apr 5, 2018.
             Was a Believer of Trog.
             Slain by a howler monkey (7 damage)
             ... on level 5 of the Dungeon.
             The game lasted 00:08:14 (2975 turns).

HammerPanzer the Slasher (Demonspawn Berserker)     Turns: 2975, Time: 00:08:15

Health: -3/49      AC:  9    Str: 19    XL:     6   Next: 14%
Magic:  6/6        EV: 12    Int:  8    God:    Trog [**....]
Gold:   130        SH:  0    Dex: 13    Spells: 5/5 levels left

rFire    . . .     SeeInvis .   a - +1 falchion
rCold    . . .     Gourm    .   (no shield)
rNeg     . . .     Faith    .   t - +3 leather armour
rPois    .         Spirit   .   (no helmet)
rElec    .         Reflect  .   (no cloak)
rCorr    .         Harm     .   f - +0 pair of gloves
MR       .....                  (no boots)
Stlth    ++........             (no amulet)
HPRegen  0.16/turn              (no ring)
MPRegen  0.10/turn              (no ring)

@: berserk cooldown, slowed, very slow
A: slimy green scales 1, nightstalker 1, powered by death 1
a: Berserk, Trog's Hand, Burn Spellbooks, Renounce Religion


You were on level 5 of the Dungeon.
You worshipped Trog.
Trog was pleased with you.
You were very hungry.

You visited 1 branch of the dungeon, and saw 5 of its levels.

You collected 130 gold pieces.

Inventory:

Hand Weapons
 a - a +1 falchion (weapon)
Armour
 f - a +0 pair of gloves (worn)
 t - a +3 leather armour (worn)
Scrolls
 b - 2 scrolls of remove curse
 e - a scroll of identify
 j - a scroll of blinking
 k - a scroll of teleportation
Potions
 d - a potion of ambrosia
 h - a potion of heal wounds {unknown}
 l - a potion of degeneration {unknown}
 o - a potion of brilliance {unknown}
 p - a potion of resistance {unknown}
 q - a potion of might {unknown}
 s - a potion of haste {unknown}
Comestibles
 c - 4 rations
 g - 4 chunks of flesh


   Skills:
 + Level 4.6 Fighting
 * Level 5.4 Long Blades
 - Level 1.7 Armour
 - Level 1.7 Dodging


You had 5 spell levels left.
You didn't know any spells.

Dungeon Overview and Level Annotations

Branches:
Dungeon (5/15)
 Temple: D:4-7

Altars:
Elyvilon

Annotations:
D:5 Duvessa


Innate Abilities, Weirdness & Mutations

You are partially covered in slimy green scales. (AC +2)
You are slightly more attuned to the shadows.
You regenerate a little health from kills.


Message History

* * * LOW HITPOINT WARNING * * *
The howler monkey hits you but does no damage.
Duvessa hits you but does no damage. The howler monkey closely misses you.
Duvessa hits you but does no damage.
There is an escape hatch in the floor here.
Duvessa closely misses you.
The howler monkey hits you but does no damage.
Duvessa hits you with a short sword!
* * * LOW HITPOINT WARNING * * *
The howler monkey hits you but does no damage.
You slide downwards.
The hatch slams shut behind you.
Unknown command.
Unknown command.
The howler monkey barely misses you.
You riposte.
You hit the howler monkey.
The howler monkey is moderately wounded.
Duvessa hits you but does no damage. The howler monkey closely misses you.
Duvessa hits you with a short sword.
* * * LOW HITPOINT WARNING * * *
The howler monkey hits you!
You die...

.# .#
###.###
#.....#
#.....##
#.......
#.....##
#eh.....
#@######
#.# #.#
#.# #.#
#.# #..


You could see Duvessa (berserk) and a howler monkey.

Vanquished Creatures
  An ogre (D:2)
  Dowan (D:4)
  A worker ant (D:4)
  4 adders
  An ooze (D:2)
  An adder skeleton (D:4)
  3 worms
  2 dart slugs (D:1)
  3 leopard geckos
  7 orcs
  5 giant cockroaches
  7 goblins
  9 hobgoblins
  2 jackals (D:1)
  2 quokkas
  9 bats
  2 frilled lizards
  9 kobolds
  9 rats
78 creatures vanquished.

Notes
Turn   | Place    | Note
-------+----------+-------------------------------------------
     0 | D:1      | HammerPanzer the Demonspawn Berserker began the quest for the Orb.
     0 | D:1      | Reached XP level 1. HP: 18/18 MP: 1/1
   132 | D:1      | Reached skill level 3 in Long Blades
   185 | D:1      | Gained mutation: You are partially covered in slimy green scales. (AC +2) [demonic ancestry]
   185 | D:1      | Reached XP level 2. HP: 24/24 MP: 2/2
   381 | D:1      | Reached XP level 3. HP: 27/29 MP: 3/3
   572 | D:1      | Reached ** piety under Trog
   648 | D:2      | Found a faded altar of an unknown god.
  1443 | D:2      | Found a white marble altar of Elyvilon.
  1509 | D:2      | Reached skill level 4 in Long Blades
  1509 | D:2      | Gained mutation: You are slightly more attuned to the shadows. [demonic ancestry]
  1509 | D:2      | Reached XP level 4. HP: 27/37 MP: 4/4
  1751 | D:2      | Noticed an ogre
  1761 | D:2      | Killed an ogre
  1761 | D:2      | Gained mutation: You regenerate a little health from kills. [demonic ancestry]
  1761 | D:2      | Reached XP level 5. HP: 18/42 MP: 5/5
  2330 | D:3      | Reached skill level 5 in Long Blades
  2941 | D:4      | Noticed Duvessa
  2945 | D:4      | Noticed Dowan
  2960 | D:4      | Killed Dowan
  2960 | D:4      | Reached XP level 6. HP: 49/49 MP: 6/6
  2973 | D:5      | Entered Level 5 of the Dungeon
  2975 | D:5      | Slain by a howler monkey

Skill      XL: |  1  2  3  4  5 |
---------------+----------------+-----
Long Blades    | 3 4 5 |  5.4
Fighting       | 4 |  4.6
Armour         | |  1.7
Dodging        | |  1.7

Action                   |  1- 3 |  4- 6 || total
-------------------------+-------+-------++-------
Melee: Falchion          |   144 |   131 ||   275
Invok: Berserk           |     2 |     3 ||     5
  Use: Scroll            |     4 |     5 ||     9
       Potion            |       |     1 ||     1
 Stab: Sleeping          |       |     1 ||     1
  Eat: Chunk             |     3 |     4 ||     7
       Ration            |       |     1 ||     1
Armor: Animal skin       |    34 |       ||    34
       Scale mail        |    29 |    36 ||    65
       Leather armour    |       |    22 ||    22
Dodge: Dodged            |    88 |    88 ||   176
       Rpst.: Falchion   |    36 |    34 ||    70
